 Dungeon Crawl Stone Soup version 0.19.0-19-g8c6edcc (webtiles) character file.

874 Antunes the Skirmisher (level 8, 0/63 HPs)
             Began as a Merfolk Abyssal Knight on Nov 14, 2016.
             Was a Priest of Lugonu.
             Slain by a black bear (5 damage)
             ... on level 6 of the Dungeon.
             The game lasted 00:31:58 (5776 turns).

Antunes the Skirmisher (Merfolk Abyssal Knight)     Turns: 5776, Time: 00:32:00

Health: 0/63       AC:  9    Str: 15    XL:     8   Next: 4%
Magic:  10/10      EV: 13    Int: 11    God:    Lugonu [***...]
Gold:   152        SH:  0    Dex: 13    Spells: 2 memorised, 2 levels left

rFire  . . .     SeeInvis +     H - +2 flail (holy)
rCold  . . .     Gourm    .     R - +0 ring mail {rPois}
rNeg   . . .     Faith    .     (no shield)
rPois  +         Spirit   .     (no helmet)
rElec  .         Reflect  .     (no cloak)
rCorr  .         Harm     .     (no gloves)
MR     .....                    (no boots)
Stlth  +.........               t - amulet of rage
                                i - +4 ring of protection
                                v - ring of see invisible

@: no status effects
A: change form in water, swift swim, stealthy swim
a: Depart the Abyss, Bend Space, Banish, Renounce Religion, Evoke Berserk Rage


You were on level 6 of the Dungeon.
You worshipped Lugonu.
Lugonu was most pleased with you.
You were not hungry.

You visited 2 branches of the dungeon, and saw 9 of its levels.
You visited the Abyss 1 time.

You collected 152 gold pieces.

Inventory:

Hand Weapons
 a - a +2 hand axe
 d - a +0 rapier
   (You found it on level 4 of the Dungeon)
 m - a cursed -1 mace
   (You found it on level 3 of the Dungeon)
 u - a +0 short sword
   (You took it off an orc on level 3 of the Dungeon)
 w - a +0 war axe
   (You took it off Eustachio on level 5 of the Dungeon)
 H - a +2 flail of holy wrath (weapon)
   (You took it off Edmund on level 6 of the Dungeon)
Missiles
 e - 229 stones
 p - a throwing net
 s - 57 poisoned needles
 x - 8 curare-tipped needles
 z - 4 tomahawks
 G - 33 sling bullets
 K - 4 javelins (quivered)
Armour
 b - a +1 leather armour
 A - a +0 shield
   (You found it on level 4 of the Dungeon)
 R - a +0 ring mail of poison resistance (worn)
   (You took it off an orc on level 6 of the Dungeon)
Magical Staves
 D - an uncursed staff of power
   (You found it on level 4 of the Dungeon)
Jewellery
 i - a +4 ring of protection (right hand)
   (You found it on level 2 of the Dungeon)
 k - an uncursed ring of flight
   (You found it on level 1 of the Dungeon)
 t - an amulet of rage (around neck)
   (You found it on level 2 of the Dungeon)
 v - a ring of see invisible (left hand)
   (You found it on level 3 of the Dungeon)
Wands
 h - a wand of flame (22/48)
   (You found it on level 2 of the Dungeon)
 o - a wand of iceblast (5/15)
   (You took it off a crimson imp on level 5 of the Dungeon)
 I - a wand of disintegration (6/24)
   (You found it on level 5 of the Dungeon)
Scrolls
 g - a scroll of amnesia
 q - 3 scrolls of teleportation
 y - 5 scrolls of remove curse
 N - a scroll of identify
Potions
 j - 2 potions of lignification
 l - 4 potions of brilliance
 n - a potion of curing
 r - a potion of beneficial mutation {unknown}
 C - a potion of might {unknown}
 E - 3 potions of degeneration {unknown}
 F - a potion of cure mutation {unknown}
 J - a potion of cancellation {unknown}
 M - a potion of heal wounds {unknown}
Books
 L - a book of Frost
   (You found it on level 7 of the Dungeon)
Comestibles
 c - 9 bread rations
 f - 5 meat rations
 B - 2 beef jerkies
 O - 2 fruits
 P - a slice of pizza
 Q - 4 chunks of flesh


   Skills:
 * Level 5.4 Fighting
 * Level 3.7 Axes
 * Level 1.3 Throwing
 + Level 1.9 Armour
 * Level 5.2 Dodging
 * Level 2.6 Stealth
 * Level 1.1 Shields
 * Level 0.3 Spellcasting
 * Level 3.2 Invocations
 * Level 2.4 Evocations


You had 2 spell levels left.
You knew the following spells:

 Your Spells              Type           Power        Failure   Level  Hunger
a - Throw Frost           Conj/Ice       #.....       89%         2    ###....
b - Ozocubu's Armour      Chrm/Ice       #.......     99%         3    ####...


Dungeon Overview and Level Annotations

Branches:
Dungeon (8/15)             Temple (1/1) D:4
   Lair: D:8-11

Altars:
Ashenzari
Cheibriados
Dithmenos
Elyvilon
Fedhas
Gozag
Makhleb
Nemelex Xobeh
Okawaru
Qazlal
Uskayaw
Vehumet
Xom
Yredelemnul
Zin

Annotations:
D:4 exclusion: downstairs
D:6 Grinder; Millan's ghost, novice MiFi
D:7 exclusion: upstairs


Message History

The black bear closely misses you. x2; The black bear misses you.
The black bear bites you. The black bear claws you.
The black bear barely misses you.
You sock the black bear!
The black bear is severely wounded.
The black bear goes berserk!
You closely miss the black bear.
The black bear is severely wounded.
The black bear bites you.
The black bear claws you but does no damage.
The black bear claws you. The black bear bites you.
The black bear barely misses you.
The black bear claws you but does no damage.
You hit the black bear.
The black bear is almost dead.
The black bear closely misses you. The black bear claws you.
The black bear barely misses you. The black bear bites you.
The black bear claws you but does no damage. x2
You hit the black bear.
The black bear is almost dead.
The black bear closely misses you. x2; The black bear misses you.
The black bear completely misses you.
The black bear claws you but does no damage. x2
You barely miss the black bear.
The black bear is almost dead.
The black bear bites you. The black bear barely misses you.
The black bear misses you. The black bear barely misses you.
The black bear closely misses you. The black bear barely misses you.
You barely miss the black bear.
The black bear is almost dead.
The black bear misses you.
The black bear claws you but does no damage.
The black bear closely misses you. x2
The black bear claws you but does no damage. x2
You closely miss the black bear.
The black bear is almost dead.
The black bear bites you. The black bear claws you.
* * * LOW HITPOINT WARNING * * *
The black bear completely misses you. The black bear bites you.
* * * LOW HITPOINT WARNING * * *
The black bear claws you but does no damage.
The black bear completely misses you.
You hit the black bear.
The black bear is almost dead.
The black bear barely misses you. The black bear claws you.
* * * LOW HITPOINT WARNING * * *
The black bear misses you. The black bear bites you.
* * * LOW HITPOINT WARNING * * *
The black bear claws you.
You die...

#.# #...#
#.# ##...#
#.# ##...###
#.# #...##.#
#.# #..##..#
#.###..#.(.#
#......##%.#
#####...##h#
##....@#
##....#
######


You could see a black bear (berserk).

Vanquished Creatures
  Monster Symbol All '5'
  A crimson imp (D:5)
1 creature vanquished. All '@' Eustachio (D:5) Edmund (D:6)
2 creatures vanquished. All 'F' 2 bullfrogs (D:7)
2 creatures vanquished. All 'J' A jelly (D:7)
1 creature vanquished. All 'K' 7 kobolds (D:1 D:3 D:2)
7 creatures vanquished. All 'S' 5 adders (D:3 D:2) 3 ball pythons (D:1 D:5 D:7)
8 creatures vanquished. All 'Y' A sky beast (D:4)
1 creature vanquished. All 'Z' A hound skeleton (D:4) A ball python skeleton (D:4) A quokka skeleton (D:4)
3 creatures vanquished. All 'a' A worker ant (D:4)
1 creature vanquished. All 'b' 8 bats (D:1 D:2 D:3)
8 creatures vanquished. All 'g' 7 goblins (D:1 D:2 D:3) 5 hobgoblins (D:1 D:2 D:3)
12 creatures vanquished. All 'h' A howler monkey (D:4) 3 hounds (D:5 D:4) 7 jackals (D:2 D:4)
11 creatures vanquished. All 'l' 2 leopard geckos (D:3 D:4) 4 frilled lizards (D:1 D:3)
6 creatures vanquished. All 'o' 5 orcs (D:3 D:5 D:7 D:6)
5 creatures vanquished. All 'r' A quokka (D:4) 9 rats (D:1 D:3 D:2)
10 creatures vanquished. All 's' A scorpion (D:6) 3 giant cockroaches (D:1 D:2 D:5)
4 creatures vanquished. All 'w' 2 worms (D:2 D:4) 4 dart slugs (D:1 D:2)
6 creatures vanquished.
88 creatures vanquished. Monster Nature Uniques Eustachio (D:5) Edmund (D:6)
2 creatures vanquished. Natural Monsters A sky beast (D:4) 2 bullfrogs (D:7) A scorpion (D:6) A howler monkey (D:4) 3 hounds (D:5 D:4) A jelly (D:7) A worker ant (D:4) 5 adders (D:3 D:2) 2 worms (D:2 D:4) 4 dart slugs (D:1 D:2) 2 leopard geckos (D:3 D:4) 5 orcs (D:3 D:5 D:7 D:6) 8 bats (D:1 D:2 D:3) 3 giant cockroaches (D:1 D:2 D:5) 7 goblins (D:1 D:2 D:3) 5 hobgoblins (D:1 D:2 D:3) 7 jackals (D:2 D:4) A quokka (D:4) 3 ball pythons (D:1 D:5 D:7) 4 frilled lizards (D:1 D:3) 7 kobolds (D:1 D:3 D:2) 9 rats (D:1 D:3 D:2)
82 creatures vanquished. Undead Monsters A hound skeleton (D:4) A ball python skeleton (D:4) A quokka skeleton (D:4)
3 creatures vanquished. Demonic Monsters A crimson imp (D:5)
1 creature vanquished.
88 creatures vanquished. Ascending Order Eustachio (D:5) Edmund (D:6) A sky beast (D:4) A scorpion (D:6) A howler monkey (D:4) A crimson imp (D:5) A jelly (D:7) A worker ant (D:4) A hound skeleton (D:4) A quokka (D:4) A ball python skeleton (D:4) A quokka skeleton (D:4) 2 bullfrogs (D:7) 2 worms (D:2 D:4) 2 leopard geckos (D:3 D:4) 3 hounds (D:5 D:4) 3 giant cockroaches (D:1 D:2 D:5) 3 ball pythons (D:1 D:5 D:7) 4 dart slugs (D:1 D:2) 4 frilled lizards (D:1 D:3) 5 adders (D:3 D:2) 5 orcs (D:3 D:5 D:7 D:6) 5 hobgoblins (D:1 D:2 D:3) 7 goblins (D:1 D:2 D:3) 7 jackals (D:2 D:4) 7 kobolds (D:1 D:3 D:2) 8 bats (D:1 D:2 D:3) 9 rats (D:1 D:3 D:2)
88 creatures vanquished.

Notes
Turn   | Place    | Note
-------+----------+-------------------------------------------
     0 | Abyss:1  | Antunes the Merfolk Abyssal Knight began the quest for the Orb.
     0 | Abyss:1  | Reached XP level 1. HP: 18/18 MP: 2/2
    14 | D:1      | Escaped the Abyss
   153 | D:1      | Reached skill level 3 in Dodging
   202 | D:1      | Reached XP level 2. HP: 22/25 MP: 3/3
   363 | D:1      | Reached ** piety under Lugonu
   773 | D:1      | Reached XP level 3. HP: 27/30 MP: 4/4
   937 | D:3      | Found a faded altar of an unknown god.
   943 | D:3      | Reached skill level 4 in Fighting
   986 | D:3      | Reached skill level 2 in Axes
  1063 | D:3      | Reached skill level 1 in Armour
  1103 | D:2      | Reached XP level 4. HP: 31/37 MP: 5/5
  1263 | D:2      | Found an opulent altar of Gozag.
  1266 | D:2      | Found a radiant altar of Vehumet.
  1504 | D:2      | Found a snail-covered altar of Cheibriados.
  2596 | D:3      | Found a blossoming altar of Fedhas.
  2761 | D:4      | Found a staircase to the Ecumenical Temple.
  2767 | Temple   | Entered the Ecumenical Temple
  2943 | D:4      | Reached skill level 4 in Dodging
  2943 | D:4      | Reached XP level 5. HP: 34/43 MP: 6/6
  3028 | D:4      | Noticed a sky beast
  3078 | D:5      | Entered Level 5 of the Dungeon
  3272 | D:4      | Found a burning altar of Makhleb.
  3274 | D:4      | Found a glowing silver altar of Zin.
  3279 | D:4      | Noticed an angel
  3279 | D:4      | Noticed an Executioner
  3307 | D:4      | Reached skill level 1 in Evocations
  3519 | D:5      | Noticed Eustachio
  3583 | D:4      | Reached skill level 1 in Stealth
  3583 | D:4      | Reached XP level 6. HP: 37/49 MP: 7/7
  3592 | D:4      | Reached *** piety under Lugonu
  3845 | D:4      | Killed a sky beast
  3845 | D:4      | Reached skill level 3 in Axes
  4351 | D:5      | Reached skill level 5 in Fighting
  4629 | D:5      | Killed Eustachio
  4629 | D:5      | Reached skill level 5 in Dodging
  4629 | D:5      | Reached skill level 2 in Stealth
  4629 | D:5      | Reached skill level 3 in Invocations
  4629 | D:5      | Reached skill level 2 in Evocations
  4629 | D:5      | Reached XP level 7. HP: 56/56 MP: 9/9
  4694 | D:6      | Noticed Edmund
  4697 | D:6      | Killed Edmund
  4697 | D:6      | Reached skill level 1 in Throwing
  4727 | D:6      | Noticed Millan's ghost (novice MiFi)
  4738 | D:6      | Noticed Grinder
  4768 | D:7      | Reached skill level 1 in Shields
  4906 | D:7      | Found a shattered altar of Ashenzari.
  4924 | D:7      | HP: 21/84 [bullfrog (1)]
  4939 | D:7      | HP: 17/84 [bullfrog (2)]
  4940 | D:7      | Reached XP level 8. HP: 19/63 MP: 10/10
  5282 | D:7      | Learned a level 2 spell: Throw Frost
  5286 | D:7      | Learned a level 3 spell: Ozocubu's Armour
  5775 | D:6      | HP: 11/63 [black bear (6)]
  5776 | D:6      | HP: 5/63 [black bear (6)]
  5776 | D:6      | Slain by a black bear

Skill      XL: |  1  2  3  4  5  6  7 |
---------------+----------------------+-----
Dodging        | 3 4 5 |  5.2
Fighting       | 4 5 |  5.4
Axes           | 2 3 |  3.7
Armour         | 1 |  1.9
Evocations     | 1 2 |  2.4
Stealth        | 1 2 |  2.6
Invocations    | 3 |  3.2
Throwing       | 1 |  1.3
Shields        | 1 |  1.1
Spellcasting   | |  0.3

Action                   |  1- 3 |  4- 6 |  7- 9 || total
-------------------------+-------+-------+-------++-------
Melee: Hand axe          |    85 |   242 |       ||   327
       War axe           |       |       |    44 ||    44
       Flail             |       |       |    15 ||    15
Throw: Stone             |     1 |     1 |       ||     2
       Javelin           |       |       |     2 ||     2
Invok: Bend Space        |     1 |       |     1 ||     2
Evoke: Wand              |       |     4 |     4 ||     8
  Use: Scroll            |     4 |     8 |     2 ||    14
       Potion            |       |       |     2 ||     2
  Eat: Chunk             |     1 |     9 |       ||    10
       Pizza             |       |     1 |     1 ||     2
       Beef jerky        |       |       |     2 ||     2
Armor: Leather armour    |    29 |    34 |       ||    63
       Scale mail        |       |    71 |    12 ||    83
       Skin              |       |       |    29 ||    29
       Ring mail         |       |       |    13 ||    13
Dodge: Dodged            |    67 |   174 |    58 ||   299
Dungeon Crawl Stone Soup version 0.19.0-19-g8c6edcc (webtiles) character file. 874 Antunes the Skirmisher (level 8, 0/63 HPs) Began as a Merfolk Abyssal Knight on Nov 14, 2016. Was a Priest of Lugonu. Slain by a black bear (5 damage) ... on level 6 of the Dungeon. The game lasted 00:31:58 (5776 turns). Dungeon Overview and Level Annotations Branches: Dungeon (8/15) Temple (1/1) D:4 Lair: D:8-11 Altars: Ashenzari Cheibriados Dithmenos Elyvilon Fedhas Gozag Makhleb Nemelex Xobeh Okawaru Qazlal Uskayaw Vehumet Xom Yredelemnul Zin Annotations: D:4 exclusion: downstairs D:6 Grinder; Millan's ghost, novice MiFi D:7 exclusion: upstairs Antunes the Skirmisher (Merfolk Abyssal Knight) Turns: 5776, Time: 00:32:00 Health: 0/63 AC: 9 Str: 15 XL: 8 Next: 4% Magic: 10/10 EV: 13 Int: 11 God: Lugonu [***...] Gold: 152 SH: 0 Dex: 13 Spells: 2 memorised, 2 levels left rFire . . . SeeInvis + H - +2 flail (holy) rCold . . . Gourm . R - +0 ring mail {rPois} rNeg . . . Faith . (no shield) rPois + Spirit . (no helmet) rElec . Reflect . (no cloak) rCorr . Harm . (no gloves) MR ..... (no boots) Stlth +......... t - amulet of rage i - +4 ring of protection v - ring of see invisible @: no status effects A: change form in water, swift swim, stealthy swim a: Depart the Abyss, Bend Space, Banish, Renounce Religion, Evoke Berserk Rage Skills: * Level 5.4 Fighting * Level 3.7 Axes * Level 1.3 Throwing + Level 1.9 Armour * Level 5.2 Dodging * Level 2.6 Stealth * Level 1.1 Shields * Level 0.3 Spellcasting * Level 3.2 Invocations * Level 2.4 Evocations You had 2 spell levels left. You knew the following spells: Your Spells Type Power Failure Level Hunger a - Throw Frost Conj/Ice #..... 89% 2 ###.... b - Ozocubu's Armour Chrm/Ice #....... 99% 3 ####... You were on level 6 of the Dungeon. You worshipped Lugonu. Lugonu was most pleased with you. You were not hungry. You visited 2 branches of the dungeon, and saw 9 of its levels. You visited the Abyss 1 time. You collected 152 gold pieces. You could see a black bear (berserk). Message History The black bear closely misses you. x2; The black bear misses you. The black bear bites you. The black bear claws you. The black bear barely misses you. You sock the black bear! The black bear is severely wounded. The black bear goes berserk! You closely miss the black bear. The black bear is severely wounded. The black bear bites you. The black bear claws you but does no damage. The black bear claws you. The black bear bites you. The black bear barely misses you. The black bear claws you but does no damage. You hit the black bear. The black bear is almost dead. The black bear closely misses you. The black bear claws you. The black bear barely misses you. The black bear bites you. The black bear claws you but does no damage. x2 You hit the black bear. The black bear is almost dead. The black bear closely misses you. x2; The black bear misses you. The black bear completely misses you. The black bear claws you but does no damage. x2 You barely miss the black bear. The black bear is almost dead. The black bear bites you. The black bear barely misses you. The black bear misses you. The black bear barely misses you. The black bear closely misses you. The black bear barely misses you. You barely miss the black bear. The black bear is almost dead. The black bear misses you. The black bear claws you but does no damage. The black bear closely misses you. x2 The black bear claws you but does no damage. x2 You closely miss the black bear. The black bear is almost dead. The black bear bites you. The black bear claws you. * * * LOW HITPOINT WARNING * * * The black bear completely misses you. The black bear bites you. * * * LOW HITPOINT WARNING * * * The black bear claws you but does no damage. The black bear completely misses you. You hit the black bear. The black bear is almost dead. The black bear barely misses you. The black bear claws you. * * * LOW HITPOINT WARNING * * * The black bear misses you. The black bear bites you. * * * LOW HITPOINT WARNING * * * The black bear claws you. You die...

Action                   |  1- 3 |  4- 6 |  7- 9 || total
-------------------------+-------+-------+-------++-------
Melee: Hand axe          |    85 |   242 |       ||   327
       War axe           |       |       |    44 ||    44
       Flail             |       |       |    15 ||    15
Throw: Stone             |     1 |     1 |       ||     2
       Javelin           |       |       |     2 ||     2
Invok: Bend Space        |     1 |       |     1 ||     2
Evoke: Wand              |       |     4 |     4 ||     8
  Use: Scroll            |     4 |     8 |     2 ||    14
       Potion            |       |       |     2 ||     2
  Eat: Chunk             |     1 |     9 |       ||    10
       Pizza             |       |     1 |     1 ||     2
       Beef jerky        |       |       |     2 ||     2
Armor: Leather armour    |    29 |    34 |       ||    63
       Scale mail        |       |    71 |    12 ||    83
       Skin              |       |       |    29 ||    29
       Ring mail         |       |       |    13 ||    13
Dodge: Dodged            |    67 |   174 |    58 ||   299
Notes Turn | Place | Note
-------+----------+-------------------------------------------
0 | Abyss:1 | Antunes the Merfolk Abyssal Knight began the quest for the Orb. 0 | Abyss:1 | Reached XP level 1. HP: 18/18 MP: 2/2 14 | D:1 | Escaped the Abyss 153 | D:1 | Reached skill level 3 in Dodging 202 | D:1 | Reached XP level 2. HP: 22/25 MP: 3/3 363 | D:1 | Reached ** piety under Lugonu 773 | D:1 | Reached XP level 3. HP: 27/30 MP: 4/4 937 | D:3 | Found a faded altar of an unknown god. 943 | D:3 | Reached skill level 4 in Fighting 986 | D:3 | Reached skill level 2 in Axes 1063 | D:3 | Reached skill level 1 in Armour 1103 | D:2 | Reached XP level 4. HP: 31/37 MP: 5/5 1263 | D:2 | Found an opulent altar of Gozag. 1266 | D:2 | Found a radiant altar of Vehumet. 1504 | D:2 | Found a snail-covered altar of Cheibriados. 2596 | D:3 | Found a blossoming altar of Fedhas. 2761 | D:4 | Found a staircase to the Ecumenical Temple. 2767 | Temple | Entered the Ecumenical Temple 2943 | D:4 | Reached skill level 4 in Dodging 2943 | D:4 | Reached XP level 5. HP: 34/43 MP: 6/6 3028 | D:4 | Noticed a sky beast 3078 | D:5 | Entered Level 5 of the Dungeon 3272 | D:4 | Found a burning altar of Makhleb. 3274 | D:4 | Found a glowing silver altar of Zin. 3279 | D:4 | Noticed an angel 3279 | D:4 | Noticed an Executioner 3307 | D:4 | Reached skill level 1 in Evocations 3519 | D:5 | Noticed Eustachio 3583 | D:4 | Reached skill level 1 in Stealth 3583 | D:4 | Reached XP level 6. HP: 37/49 MP: 7/7 3592 | D:4 | Reached *** piety under Lugonu 3845 | D:4 | Killed a sky beast 3845 | D:4 | Reached skill level 3 in Axes 4351 | D:5 | Reached skill level 5 in Fighting 4629 | D:5 | Killed Eustachio 4629 | D:5 | Reached skill level 5 in Dodging 4629 | D:5 | Reached skill level 2 in Stealth 4629 | D:5 | Reached skill level 3 in Invocations 4629 | D:5 | Reached skill level 2 in Evocations 4629 | D:5 | Reached XP level 7. HP: 56/56 MP: 9/9 4694 | D:6 | Noticed Edmund 4697 | D:6 | Killed Edmund 4697 | D:6 | Reached skill level 1 in Throwing 4727 | D:6 | Noticed Millan's ghost (novice MiFi) 4738 | D:6 | Noticed Grinder 4768 | D:7 | Reached skill level 1 in Shields 4906 | D:7 | Found a shattered altar of Ashenzari. 4924 | D:7 | HP: 21/84 [bullfrog (1)] 4939 | D:7 | HP: 17/84 [bullfrog (2)] 4940 | D:7 | Reached XP level 8. HP: 19/63 MP: 10/10 5282 | D:7 | Learned a level 2 spell: Throw Frost 5286 | D:7 | Learned a level 3 spell: Ozocubu's Armour 5775 | D:6 | HP: 11/63 [black bear (6)] 5776 | D:6 | HP: 5/63 [black bear (6)] 5776 | D:6 | Slain by a black bear

Table legend:
 A = Turns spent in this place as a percentage of turns spent in the entire game.
 B = Non-inter-level travel turns spent in this place as a percentage of non-inter-level travel turns spent in the entire game.
 C = Inter-level travel turns spent in this place as a percentage of turns spent in this place.
 D = Turns resting spent in this place as a percentage of non-inter-level travel turns spent in this place.
 E = Turns spent auto-exploring this place as a percentage of non-inter-level travel turns spent in this place.
 F = Non-inter-level travel turns spent in this place divided by the number of levels of this place that you've seen.
                   A       B       C       D       E      F
               +-------+-------+-------+-------+-------+----------------------
         Total | 100.0 | 100.0 |   0.1 |   2.0 |   4.4 | 221.7
       Dungeon |  99.2 |  99.2 |   0.1 |   2.0 |   4.1 | 275.0
        Temple |   0.5 |   0.5 |   0.0 |   0.0 |  58.3 |  12.0
         Abyss |   0.2 |   0.2 |   0.0 |   0.0 |  20.0 |   5.0
               +-------+-------+-------+-------+-------+----------------------

Table legend:
 A = Kills in this place as a percentage of kills in entire the game.
 B = Kills by you in this place as a percentage of kills by you in the entire game.
 C = Kills by friends in this place as a percentage of kills by friends in the entire game.
 D = Other kills in this place as a percentage of other kills in the entire game.
 E = Experience gained in this place as a percentage of experience gained in the entire game.
 F = Experience gained in this place divided by the number of levels of this place that you have seen.
                   A       B       C       D       E      F
               +-------+-------+-------+-------+-------+----------------------
         Total | 100.0 | 100.0 |  -nan |  -nan | 100.0 | 124.9
       Dungeon | 100.0 | 100.0 |  -nan |  -nan | 100.0 | 156.1
               +-------+-------+-------+-------+-------+----------------------

Vault maps used:
D:1:      dpeg_arrival_boxorama
D:2:      kennysheep_slug_shrine, nicolae_overflow_hidden_temple, first_bread
D:3:      ecumenical_altar_1, kennysheep_cross_bottleneck, fedhas_altar_4
D:4:      grunt_temple_overflow_order_and_chaos_2
D:5:      uniq_eustachio
D:6:      black_bear_nest_2, kennysheep_mini, hangedman_abyss_or_decor_stabs,
          uniq_grinder, uniq_edmund
D:7:      lemuel_doored_altar, kennysheep_little_box, trog_three_pillars_becter
D:8:      chequers_temple_overflow_minitemple, lemuel_crystal_altar,
          kennysheep_mini_moat, erik_lair_island
Temple:   compressed_dpeg_triangle_lava_temple
